 Dungeon Crawl Stone Soup version 0.29-a0-23-ga79f92ac9c (webtiles) character file.

Game seed: 1764249306619768102

2974 Ajdolov the Frost Mage (level 9, 0/68 HPs)
             Began as a Naga Ice Elementalist on Jan 30, 2022.
             Was an Initiate of Cheibriados.
             Slain by a two-headed ogre (12 damage)
             ... on level 7 of the Dungeon.
             The game lasted 00:24:25 (8580 turns).

Ajdolov the Frost Mage (Naga Ice Elementalist)      Turns: 8580, Time: 00:24:26

Health: 0/68       AC: 16    Str: 13    XL:     9   Next: 82%
Magic:  10/18      EV: 10    Int: 21    God:    Cheibriados [......]
Gold:   372        SH:  0    Dex: 13    Spells: 7/20 levels left

rFire   + . .      SeeInvis +   w - +4 dagger of Offence {drain, Str+2}
rCold   . . .      Faith    .   (no shield)
rNeg    . . .      Spirit   .   p - +1 steam dragon scales
rPois   +          Reflect  .   (no helmet)
rElec   .          Harm     .   c - +0 cloak
rCorr   .          Rampage  .   r - +0 pair of gloves
Will    +....                   (no barding)
Stlth   ++........              (no amulet)
HPRegen 0.21/turn               t - ring of protection from fire
MPRegen 0.16/turn               (no ring)

@: ice-armoured, freezing walls, very slow
A: AC +3, large, see invisible, deformed body, poison resistance, slowness 2,
spit poison 1, naga tail 1
a: Spit Poison, Renounce Religion


You were on level 7 of the Dungeon.
You worshipped Cheibriados.
Cheibriados was noncommittal.
You visited 2 branches of the dungeon, and saw 8 of its levels.

You collected 372 gold pieces.

Inventory:

Hand Weapons
 w - the +4 dagger of Offence (weapon) {drain, Str+2}
   (You found it on level 6 of the Dungeon)

   A truly terrible weapon, it drains the life of any living foe it strikes.
   Str:       It affects your strength (+2).
Missiles
 h - 4 poisoned darts (quivered)
 u - 3 throwing nets
Armour
 c - a +0 cloak (worn)
 p - +1 steam dragon scales (worn)
 r - a +0 pair of gloves (worn)
 y - a +0 kite shield
Magical Staves
 m - a staff of earth
Jewellery
 a - the ring "Kozycaj" {Ice rElec Str+3}
   (You found it on level 7 of the Dungeon)

   [ring of ice]

   It enhances your ice magic.
   Str:       It affects your strength (+3).
   rF:        It makes you vulnerable to fire.
   rC:        It protects you from cold.
   rElec:     It insulates you from electricity.
 s - a ring of fire
 t - a ring of protection from fire (left hand)
Wands
 v - a wand of mindburst (6)
 x - a wand of flame (2)
 z - a wand of acid (1)
Scrolls
 d - a scroll of torment {unknown}
 i - a scroll of brand weapon
 j - a scroll of blinking {unknown}
 k - 3 scrolls of identify
 n - a scroll of magic mapping {unknown}
Potions
 b - 2 potions of brilliance {unknown}
 e - 3 potions of might {unknown}
 f - a potion of invisibility {unknown}
 g - a potion of degeneration {unknown}
 l - 3 potions of curing
 o - a potion of mutation {unknown}
 q - a potion of ambrosia {unknown}


   Skills:
 - Level 1.5 Dodging
 - Level 3.0 Stealth
 + Level 6.4 Spellcasting
 * Level 6.9 Conjurations
 + Level 5.8 Translocations
 - Level 8.0 Ice Magic


You had 7 spell levels left.
You knew the following spells:

 Your Spells              Type           Power      Damage    Failure   Level
a - Freeze                Ice            100%       1d11      1%          1
b - Frozen Ramparts       Ice            80%        1d10      1%          3
c - Ozocubu's Armour      Ice            40%        N/A       1%          3
d - Blink                 Tloc           62%        N/A       1%          2
e - Hailstorm             Conj/Ice       38%        3d9       4%          4

Your spell library contained the following spells:

 Spells                   Type           Power      Damage    Failure   Level
 Lesser Beckoning         Tloc           31%        N/A       2%          3
 Static Discharge         Conj/Air       21%        N/A       3%          2
 Dazzling Flash           Conj/Hex       42%        N/A       7%          3
 Iskenderun's Mystic Bla  Conj/Tloc      33%        2d8       7%          4
 Animate Skeleton         Necr           12%        N/A       10%         1
 Pain                     Necr           24%        1d5       10%         1
 Sticky Flame             Conj/Fire      21%        2d4       22%         4
 Manifold Assault         Tloc           31%        N/A       24%         5
 Vampiric Draining        Necr           6%         2d6       28%         3
 Dispel Undead            Necr           6%         3d8       67%         4
 Starburst                Conj/Fire      10%        6d5       98%         6


Dungeon Overview and Level Annotations

Branches:
Dungeon (7/15)             Temple (1/1) D:7

Altars:
Ashenzari
Cheibriados
Dithmenos
Elyvilon
Fedhas
Gozag
Hepliaklqana
Makhleb
Nemelex Xobeh
Okawaru
Qazlal
Ru
Sif Muna
Uskayaw
Vehumet
Wu Jian
Xom
Yredelemnul
Zin
The Shining One

Shops:
D:4 *

Annotations:
D:4 Dowan, Duvessa


Innate Abilities, Weirdness & Mutations

Your serpentine skin is tough. (AC +3)
You have supernaturally acute eyesight. (SInv)
Armour fits poorly on your strangely shaped body.
Your system is resistant to poisons. (rPois)
You cover ground very slowly.
You can spit poison.
You have a snake-like lower body.


Message History

The wall freezes the two-headed ogre.
The two-headed ogre hits you with a +0 giant spiked club!
The two-headed ogre hits you but does no damage.
You barely miss the two-headed ogre.
The two-headed ogre is moderately wounded.
Casting: Ozocubu's Armour (safe; 1% risk of failure)
Confirm with . or Enter, or press ? or * to list all spells.
Aiming: Freeze (safe; 1% risk of failure)
Press: ? - help, Shift-Dir - straight line, f - two-headed ogre
Aim: a two-headed ogre, wielding a +0 giant spiked club and a +0 dire flail (moderately wounded)
You freeze the two-headed ogre.
The two-headed ogre is moderately wounded.
The wall freezes the two-headed ogre.
The two-headed ogre hits you with a +0 giant spiked club!
The two-headed ogre hits you but does no damage.
Press: ? - help, v - describe, . - travel
Here: a two-headed ogre, wielding a +0 giant spiked club and a +0 dire flail (moderately wounded)
The floor.
A two-headed ogre is nearby!
Casting: Freeze (safe; 1% risk of failure)
Confirm with . or Enter, or press ? or * to list all spells.
Aiming: Freeze (safe; 1% risk of failure)
Press: ? - help, Shift-Dir - straight line, f/p - two-headed ogre
Aim: a two-headed ogre, wielding a +0 giant spiked club and a +0 dire flail (moderately wounded)
You freeze the two-headed ogre!
The two-headed ogre is heavily wounded.
The wall freezes the two-headed ogre!
The two-headed ogre barely misses you.
The two-headed ogre hits you but does no damage.
Casting: Freeze (safe; 1% risk of failure)
Confirm with . or Enter, or press ? or * to list all spells.
Aiming: Freeze (safe; 1% risk of failure)
Press: ? - help, Shift-Dir - straight line, f/p - two-headed ogre
Aim: a two-headed ogre, wielding a +0 giant spiked club and a +0 dire flail (severely wounded)
You freeze the two-headed ogre.
The two-headed ogre is severely wounded.
The wall freezes the two-headed ogre.
The two-headed ogre hits you with a +0 giant spiked club!
* * * LOW HITPOINT WARNING * * *
The two-headed ogre hits you with a +0 dire flail!
You die...

######## ......<# #
#####################..#
#..†.........).... #####
#.#......)@O)###.
....###.#.########.#
....'...#........# #
....#####.######.#
.................#
....####.....##### ....#
#.....# ....# #.....#
....# #.....#


You could see a two-headed ogre.

Vanquished Creatures
  Harold (D:7)
  Maggie (D:7)
  Sigmund (D:6)
  A water moccasin (D:6)
  2 necrophages
  3 ogres
  2 centaurs
  3 scorpions
  5 wights (D:6)
  A bullfrog zombie (D:5)
  A jelly (D:5)
  2 centaur skeletons
  4 orc priests
  2 hounds
  2 bullfrog skeletons (D:5)
  A gnoll shaman (D:6)
  Ijyb (D:5)
  3 orc wizards
  2 hound skeletons (D:3)
  A howler monkey zombie (D:5)
  2 howler monkey skeletons
  9 gnolls
  7 adders
  A shadow imp (D:6)
  A white imp (D:6)
  2 ufetubi
  2 adder zombies
  An adder skeleton (D:3)
  2 dart slugs
  24 orcs
  5 ball pythons
  6 endoplasms
  6 giant cockroaches
  2 goblins
  6 hobgoblins
  9 kobolds
  6 quokkas
  2 ball python zombies (D:3)
  A bat (D:1)
  5 frilled lizards
  2 rats
140 creatures vanquished.

Vanquished Creatures (others)
  An orc wizard (D:7)
  4 toadstools (D:1)
  2 withered plants (D:3)
7 creatures vanquished.

Grand Total: 147 creatures vanquished

Notes
Turn   | Place    | Note
-------+----------+-------------------------------------------
     0 | D:1      | Ajdolov the Naga Ice Elementalist began the quest for the
                  | Orb.
     0 | D:1      | Reached XP level 1. HP: 15/15 MP: 3/3
   465 | D:1      | Found a faded altar of an unknown god.
   471 | D:1      | Reached XP level 2. HP: 20/22 MP: 1/5
   923 | D:2      | Found a shimmering altar of Xom.
   957 | D:2      | Reached XP level 3. HP: 28/28 MP: 4/6
   966 | D:2      | Learned a level 3 spell: Frozen Ramparts
  1143 | D:2      | Reached skill level 5 in Ice Magic
  2163 | D:3      | Reached XP level 4. HP: 35/36 MP: 3/7
  2170 | D:3      | Learned a level 3 spell: Ozocubu's Armour
  2668 | D:3      | Reached XP level 5. HP: 37/42 MP: 1/9
  2685 | D:3      | Reached skill level 6 in Ice Magic
  3281 | D:4      | Reached XP level 6. HP: 48/49 MP: 10/10
  3573 | D:4      | Found Seyfiu's Mass Market.
  3600 | D:4      | Learned a level 2 spell: Blink
  3756 | D:4      | Reached skill level 1 in Translocations
  4085 | D:4      | Noticed Duvessa
  4085 | D:4      | Noticed Dowan
  4283 | D:5      | Entered Level 5 of the Dungeon
  4484 | D:5      | Noticed a necrophage
  4509 | D:5      | Killed a necrophage
  4510 | D:5      | Reached skill level 7 in Ice Magic
  4510 | D:5      | Reached XP level 7. HP: 37/55 MP: 12/12
  5084 | D:5      | Noticed Ijyb
  5101 | D:5      | Killed Ijyb
  5556 | D:5      | Reached skill level 8 in Ice Magic
  5556 | D:5      | Reached XP level 8. HP: 33/62 MP: 7/14
  5702 | D:5      | Learned a level 4 spell: Hailstorm
  5780 | D:6      | Noticed Sigmund
  5800 | D:6      | Killed Sigmund
  5801 | D:6      | Reached skill level 1 in Conjurations
  5906 | D:6      | Identified the +4 dagger of Offence {drain, Str+2}
  6583 | D:6      | Reached skill level 5 in Spellcasting
  7565 | D:6      | Reached XP level 9. HP: 66/68 MP: 13/17
  7659 | D:7      | Noticed Harold
  7669 | D:7      | Reached skill level 5 in Conjurations
  7681 | D:7      | Killed Harold
  7682 | D:7      | Reached skill level 5 in Translocations
  7695 | D:7      | Noticed Maggie
  7699 | D:7      | Found a staircase to the Ecumenical Temple.
  7707 | Temple   | Entered the Ecumenical Temple
  7961 | Temple   | Became a worshipper of Vehumet
  7973 | Temple   | Fell from the grace of Vehumet
  7973 | Temple   | Became a worshipper of Cheibriados the Contemplative
  8266 | D:7      | Killed Maggie
  8379 | D:7      | Identified the ring "Kozycaj" {Ice rElec Str+3}
  8573 | D:7      | Noticed a two-headed ogre
  8580 | D:7      | Slain by a two-headed ogre

Illustrated notes

Levels and vault maps discovered:
D:1:      ldierk_water_garden, layout_rooms,
          shapermc_ecumenical_altar_notcrosses, minmay_misc_feat_five
D:2:      layout_basic, basic_altar
D:3:      layout_loops_ring, serial_undead, serial_undead_e, serial_undead_f,
          serial_undead_e, serial_undead_c
D:4:      layout_basic, minmay_shop_mass, uniq_duvessa
D:5:      layout_rooms, serial_corexii_hall, corexii_hall_statues_l,
          corexii_hall_statues_i, corexii_hall_statues_x,
          chequers_hall_statues_wall_a, uniq_ijyb
D:6:      layout_basic, kennysheep_small_circle, uniq_sigmund
D:7:      layout_basic, minmay_temple_entry_proselytizer, uniq_maggie,
          uniq_harold, uniq_joseph
Temple:   grunt_wide_crystal_templ

Skill      XL: |  1  2  3  4  5  6  7  8  9 |
---------------+----------------------------+-----
Ice Magic      | 5 6 7 8 |  8.0
Spellcasting   | 3 4 5 6 |  6.4
Translocations | 1 3 4 5 |  5.8
Conjurations   | 4 6 |  6.9
Dodging        | |  1.5
Stealth        | |  3.0

Action                   |  1- 3 |  4- 6 |  7- 9 || total
-------------------------+-------+-------+-------++-------
Melee: Dagger            |    34 |   134 |    91 ||   259
       Punch             |       |     3 |     3 ||     6
       Short sword       |       |    47 |    76 ||   123
Throw: Dart              |     5 |       |       ||     5
 Cast: Freeze            |    26 |     4 |     7 ||    37
       Frozen Ramparts   |     3 |     8 |    26 ||    37
       Ozocubu's Armour  |       |     5 |    13 ||    18
       Hailstorm         |       |       |     5 ||     5
 Abil: Spit Poison       |     3 |     1 |     2 ||     6
Evoke: Wand              |       |       |    25 ||    25
  Use: Scroll            |       |       |     7 ||     7
       Potion            |       |       |     4 ||     4
 Stab: Sleeping          |     5 |     3 |     1 ||     9
Armor: Robe              |    11 |    43 |   101 ||   155
       Steam dragon scal |       |       |     3 ||     3
Dodge: Dodged            |    29 |    56 |   121 ||   206

Table legend: (Time is in decaauts)
 A = Elapsed time spent in this place.
 B = Non-inter-level travel time spent in this place.
 C = Inter-level travel time spent in this place.
 D = Time resting spent in this place.
 E = Time spent auto-exploring this place.
 F = Levels seen in this place.
 G = Mean time per level.
                   A        B        C        D        E       F      G
               +--------+--------+--------+--------+--------+-----+--------+
         Total |  10163 |   9949 |    214 |   1969 |   6199 |   8 | 1270.4 |
       Dungeon |   9860 |   9659 |    201 |   1762 |   6159 |   7 | 1408.6 |
        Temple |    303 |    291 |     12 |    207 |     40 |   1 |  303.0 |
               +--------+--------+--------+--------+--------+-----+--------+

Top non-repeatable levels by time:
     D:6: 1920 daAuts
     D:5: 1916 daAuts
     D:2: 1438 daAuts
     D:4: 1414 daAuts
     D:3: 1279 daAuts
     D:1: 1077 daAuts
     D:7: 814 daAuts
  Temple: 303 daAuts
